Map: Odyssey LE

Players

Aaron

  • Race: Terran Terran
  • League: Platinum
  • Spawn Location: 11:00

Yata - Winner!

  • Race: Zerg Zerg
  • League: Platinum
  • Spawn Location: 5:00

VOD

Have the link to the VOD?

Description

Time

  • Played on: Oct. 23, 2017, 4:49 p.m.
  • Length: 10:14
Show
View Real Time Build Order
Export as new Build Order

Aaron Terran 

Build Orders: Reaper Expand, MMM Bio 

Get SALT Encoding   

  12  0:13  SCV  
  13  0:25  SCV  
  14  0:28  Supply Depot  
  14  0:37  SCV  
  15  0:50  SCV  
  15  0:56  Barracks  
  16  1:02  SCV  
  17  1:06  Refinery  
  17  1:14  SCV  
  18  1:26  SCV  
  19  1:42  Orbital Command  
  19  1:44  Supply Depot  
  19  1:48  Reaper  
  20  1:57  Command Center  
  20  2:11  SCV  
  21  2:20  Marine  
  22  2:32  Factory  
  22  2:34  SCV  
  23  2:38  Marine  
  24  2:46  SCV  
  24  2:48  Refinery  
  25  2:53  Supply Depot  
  25  2:56  Marine  
  26  2:58  SCV  
  27  3:14  Marine  
  27  3:17  Starport  
  28  3:21  Hellion  
  28  3:23  Orbital Command  
  30  3:40  Barracks Reactor  
  30  3:41  Orbital Command  
  29  3:44  SCV  
  30  3:55  Widow Mine, Medivac  
  32  4:00  Barracks  
  34  4:08  Supply Depot  
  34  4:10  SCV x2  
  36  4:21  Marine  
  36  4:22  SCV x2, Marine  
  40  4:26  Factory Reactor  
  40  4:28  Starport Tech Lab  
  40  4:34  SCV  
  41  4:39  Marine x2  
  41  4:45  SCV  
  44  4:46  SCV  
  45  4:53  Supply Depot  
  45  4:55  Supply Depot  
  45  4:56  Supply Depot, Barracks Tech Lab  
  45  4:57  SCV, Marine x2  
  45  4:58  Banshee, SCV  
  52  5:09  SCV  
  52  5:10  SCV  
  49  5:15  Marine x2  
  51  5:25  Hellion  
  51  5:26  Hellion  
  51  5:27  Stimpack  
  57  5:28  Marauder  
  57  5:32  SCV x2  
  57  5:33  Marine  
  57  5:35  Barracks  
  60  5:36  Refinery, Barracks  
  60  5:38  Refinery  
  60  5:44  SCV x2, Engineering Bay  
  62  5:54  Marauder  
  62  5:56  SCV x2  
  66  6:05  Engineering Bay  
  66  6:06  Marine x2  
  66  6:08  Medivac, SCV  
  71  6:11  Medivac  
  71  6:15  Marauder  
  75  6:19  Missile Turret  
  75  6:24  Marine  
  76  6:36  Marauder  
  78  6:47  Marine  
  78  6:48  Marine x3  
  78  6:52  Medivac x2  
  86  6:54  Terran Infantry Weapons Level 1  
  86  6:55  Terran Infantry Armor Level 1  
  86  6:58  SCV, Marauder  
  86  6:59  SCV  
  90  7:02  Missile Turret  
  90  7:05  Marine x2  
  93  7:08  Barracks Tech Lab  
  93  7:10  SCV  
  93  7:12  Barracks Reactor  
  93  7:20  Armory  
  93  7:21  Barracks  
  93  7:23  Marine  
  94  7:30  Supply Depot  
  94  7:32  Supply Depot  
  94  7:33  Supply Depot  
  94  7:35  Supply Depot, Marauder  
  94  7:36  Marine, Marauder  
  99  7:41  Marine  
  100  7:46  Combat Shields  
  100  7:48  Concussive Shells  
  100  7:49  Marine x2  
  102  7:54  Marine  
  102  7:57  Marauder x2  
  107  7:59  Marine  
  107  8:01  Medivac  
  110  8:07  Marine  
  110  8:10  Marine  
  110  8:11  Marine  
  113  8:16  Marine  
  113  8:18  Marauder  
  113  8:19  Marauder  
  118  8:23  SCV  
  118  8:24  SCV  
  118  8:25  Marine  
  121  8:31  Barracks Reactor  
  121  8:39  Marauder  
  121  8:40  Marauder  
  75  9:00  Medivac x2  
  75  9:01  Marine x4, Marauder  
  75  9:02  Marauder  
  85  9:08  Siege Tank  
  85  9:09  Marine  
  83  9:19  Marine  
  83  9:22  Marauder  
  83  9:23  Marauder  
  88  9:25  Supply Depot  
  88  9:27  Marine x2  
  88  9:30  Supply Depot, Medivac  
  92  9:33  Medivac  
  94  9:40  Siege Tank  
  94  9:44  Marine x2, Marauder x2  
  98  9:54  Marine  
  98  9:55  Marine x3  
Show
View Real Time Build Order
Export as new Build Order

Yata Zerg - Winner!

Build Orders: Hatch First 

Get SALT Encoding   

  12  0:01  Drone  
  13  0:12  Overlord  
  13  0:17  Drone  
  14  0:30  Drone x2  
  14  0:34  Drone  
  17  0:55  Drone  
  17  0:56  Hatchery  
  17  0:58  Drone  
  18  1:08  Extractor  
  17  1:14  Spawning Pool  
  17  1:17  Drone  
  17  1:20  Drone  
  18  1:28  Drone  
  19  1:38  Overlord  
  19  1:47  Evolution Chamber  
  18  1:49  Drone  
  19  2:06  Queen  
  19  2:08  Queen  
  23  2:10  Zergling x4  
  25  2:16  Drone  
  25  2:18  Metabolic Boost  
  25  2:22  Drone x2  
  28  2:29  Drone  
  29  2:34  Baneling Nest  
  28  2:38  Overlord  
  28  2:52  Drone  
  28  2:53  Drone x2  
  31  3:10  Drone x3  
  34  3:13  Overlord  
  34  3:16  Drone x4  
  38  3:20  Drone x3  
  41  3:38  Zergling x4  
  41  3:39  Zergling x2  
  44  3:45  Zerg Melee Weapons Level 1  
  44  3:47  Pneumatized Carapace  
  44  3:50  Drone  
  44  3:51  Drone  
  46  3:55  Zergling x2  
  46  3:56  Zergling x4  
  49  4:03  Hatchery  
  49  4:08  Extractor  
  47  4:20  Extractor  
  47  4:21  Drone  
  47  4:22  Drone x2  
  47  4:23  Drone  
  47  4:24  Drone x2  
  52  4:30  Overlord x3  
  52  4:42  Baneling x3  
  52  4:43  Overlord  
  52  4:44  Overlord  
  52  4:47  Queen  
  54  4:53  Lair  
  54  5:07  Drone x8  
  60  5:19  Zergling x2  
  60  5:20  Zergling x10  
  61  5:23  Spore Crawler  
  61  5:25  Spore Crawler  
  62  5:28  Drone x5  
  64  5:36  Queen  
  64  5:37  Queen  
  64  5:39  Zergling x2  
  64  5:40  Zergling x4  
  71  5:44  Zerg Ground Armor Level 1  
  71  5:49  Drone x3  
  74  5:50  Zergling x4  
  74  5:55  Drone  
  77  5:58  Hydralisk Den  
  77  5:59  Centrifical Hooks  
  76  6:05  Zergling x4  
  76  6:06  Zergling x6  
  80  6:29  Queen  
  80  6:30  Spore Crawler, Queen  
  80  6:31  Overlord x3  
  83  6:33  Zergling x10  
  88  7:02  Hydralisk x8  
  88  7:03  Hydralisk x4  
  88  7:06  Muscular Augments  
  112  7:12  Zergling x2  
  113  7:29  Zergling x2  
  114  7:30  Zergling x16  
  114  7:34  Overlord x3  
  122  7:37  Hatchery  
  121  7:51  Baneling  
  121  7:52  Baneling x4  
  121  7:53  Baneling x10  
  121  7:54  Zergling x2  
  121  7:55  Zergling x18  
  131  8:04  Overlord  
  131  8:17  Zergling x14  
  138  8:38  Overseer x2  
  138  8:39  Overseer  
  129  8:49  Zergling x6  
  129  8:50  Zergling x20  
  129  8:54  Zergling x2  
  138  8:59  Zergling x2  
  139  9:05  Drone x3  
  142  9:13  Zergling x6  
  145  9:23  Drone x4  
  147  9:51  Zergling x18  
  147  9:52  Zergling x14  
  132  10:13  Infestation Pit  
Tags
 
Composition
MMM Bio
Matchup
TvZ
Replay Pack
Pack 1
Spawn Locations
Cross Positions
Add a new tag
Caveats
  • Supply blocks, unpowered buildings, or Contaminate may cause inaccurate times.
  • Supply counts are checked every 10 seconds.